 Dungeon Crawl Stone Soup version 0.28-a0-265-g048bc9fd10 (webtiles) character file.

Game seed: 1895009072097832209

18755 Saint the Fighter (level 12, -5/113 HPs)
             Began as a Minotaur Hunter on Aug 27, 2021.
             Was a High Priest of Okawaru.
             Shot with an arrow by a centaur warrior (18 damage)
             ... in a volcano.
             The game lasted 00:41:01 (14953 turns).

Saint the Fighter (Minotaur Hunter)                Turns: 14953, Time: 00:41:01

Health: -5/113     AC: 15    Str: 26    XL:     12   Next: 30%
Magic:  15/15      EV: 12    Int:  9    God:    Okawaru [*****.]
Gold:   753        SH:  5    Dex: 12    Spells: 11/11 levels left

rFire   . . .      SeeInvis .   a - +2 hand crossbow
rCold   . . .      Faith    .   (no shield)
rNeg    . . .      Spirit   .   E - +0 chain mail {rPois}
rPois   +          Reflect  +   (helmet restricted)
rElec   .          Harm     .   o - +0 cloak
rCorr   .          Rampage  .   w - +0 pair of gloves
Will    .....                   (no boots)
Stlth   ..........              K - amulet of reflection
HPRegen 0.28/turn               r - ring of flight {+Fly, !d}
MPRegen 0.14/turn               u - +6 ring of strength

@: flying, studying Translocations
A: horns 2, retaliatory headbutt
a: Renounce Religion, Heroism, Finesse, Duel


You were in a volcano.
You worshipped Okawaru.
Okawaru was extremely pleased with you.
You visited 3 branches of the dungeon, and saw 14 of its levels.
You also visited: Ossuary and Volcano.

You collected 753 gold pieces.

Inventory:

Hand Weapons
 a - a +2 hand crossbow (weapon)
 b - the +2 war axe of the Tooth {freeze, +Rage Str+4}
   (You found it on level 8 of the Dungeon)

   It freezes those it strikes, dealing additional cold damage.
   It can also slow down cold-blooded creatures.
   Str:       It affects your strength (+4).
   +Rage:     It lets you go berserk.
 G - a +0 vorpal battleaxe
   (Okawaru gifted it to you on level 11 of the Dungeon)
Missiles
 d - 193 bolts (quivered ammo)
 f - 48 poisoned darts
 g - 2 throwing nets {!d}
 k - 4 boomerangs
 m - 2 curare-tipped darts
 s - 401 stones
 D - 184 arrows
Armour
 o - a +0 cloak (worn)
   (You took it off Maurice on level 9 of the Dungeon)
 w - a +0 pair of gloves (worn)
   (You found it on level 4 of the Dungeon)
 A - a scarf of invisibility
   (You found it on level 5 of the Dungeon)
 B - a +1 scale mail of willpower
   (You took it off Harold on level 7 of the Dungeon)
 E - a +0 chain mail of poison resistance (worn)
   (You took it off an orc warrior on level 8 of the Dungeon)
Magical Staves
 l - a staff of conjuration
   (You found it on level 1 of the Dungeon)
 p - a staff of fire {rF+}
   (You found it on level 4 of the Dungeon)
 I - a staff of earth
   (You found it on level 1 of the Lair of Beasts)
Jewellery
 n - an amulet of faith
   (You found it on level 2 of the Dungeon)
 r - a ring of flight (left hand) {+Fly, !d}
   (You found it on level 2 of the Dungeon)
 u - a +6 ring of strength (right hand)
   (You found it on level 10 of the Dungeon)
 F - a ring of protection from fire {rF+, !d}
   (You found it on level 10 of the Dungeon)
 K - an amulet of reflection (around neck)
   (You found it on level 1 of the Lair of Beasts)
Wands
 i - a wand of iceblast (20)
   (You found it on level 10 of the Dungeon)
 j - a wand of polymorph (11)
   (You found it on level 5 of the Dungeon)
 q - a wand of flame (14)
   (You found it on level 11 of the Dungeon)
 y - a wand of mindburst (12)
   (You found it on level 6 of the Dungeon)
Scrolls
 e - a scroll of silence {unknown}
 x - a scroll of noise {unknown}
 C - a scroll of enchant weapon
 Y - 3 scrolls of teleportation {@r3}
Potions
 c - a potion of ambrosia {unknown}
 h - a potion of attraction {unknown}
 z - 4 potions of cancellation
 H - 4 potions of haste
 J - 7 potions of curing {@q1}
 L - 4 potions of flight
 M - 2 potions of might
 N - 5 potions of heal wounds {@q2}
 R - 2 potions of resistance
 T - a potion of berserk rage {!q}
 U - 2 potions of mutation {!q}


   Skills:
 + Level 12.8 Fighting
 - Level 10.0 Axes
 - Level 6.6 Crossbows
 + Level 11.6 Armour
 + Level 10.0 Dodging
 - Level 0.7 Stealth
 + Level 5.8 Invocations


You had 11 spell levels left.
You didn't know any spells.
Your spell library contained the following spells:

 Spells                   Type           Power      Damage    Failure   Level
 Freeze                   Ice            0%         1d3       87%         1
 Pain                     Necr           0%         1d4       87%         1
 Sandblast                Erth           0%         2d4       87%         1
 Shock                    Conj/Air       0%         1d3       87%         1
 Passwall                 Tmut/Erth      0%         N/A       95%         2
 Frozen Ramparts          Ice            0%         1d2       99%         3
 Swiftness                Air            0%         N/A       99%         3
 Vampiric Draining        Necr           0%         2d6       99%         3
 Airstrike                Air            0%         N/A       100%        4
 Hailstorm                Conj/Ice       0%         3d3       100%        4
 Lee's Rapid Deconstruct  Erth           0%         3d5*      100%        5
 Animate Skeleton         Necr           Unusable   N/A       N/A         1

Dungeon Overview and Level Annotations

Branches:
Dungeon (11/15)            Temple (1/1) D:6            Lair (2/6) D:8
Ossuary (visited)         Volcano (1/1)
  Swamp: Lair:2-4    Shoals: Lair:2-4     Snake: Lair:2-4    Spider: Lair:2-4
    Orc: D:9-12

Altars:
Cheibriados
Dithmenos
Fedhas
Hepliaklqana
Kikubaaqudgha
Makhleb
Nemelex Xobeh
Okawaru
Qazlal
Ru
Sif Muna
Trog
Uskayaw
Vehumet
Xom
Yredelemnul
Zin
The Shining One

Annotations:
D:7 2 transporters, mrzisme's ghost, novice DEWz


Innate Abilities, Weirdness & Mutations

You have a pair of horns on your head.
You reflexively headbutt those who attack you in melee.


Message History

You hit the water moccasin but do no damage.
The water moccasin bites you. The bullfrog barely misses you.
Your base Dodging skill increases to level 10!
You take 5 damage, and have 99/113 hp.
The water moccasin bites you but does no damage.
The yak closely misses you. The bullfrog closely misses you.
You furiously retaliate!
You headbutt the bullfrog!
You kill the bullfrog!
Okawaru accepts your kill.
The water moccasin bites you but does no damage.
You slash the yak! You freeze the yak. You barely miss the water moccasin.
The yak closely misses you. You furiously retaliate!
You headbutt the yak! The water moccasin closely misses you.
You furiously retaliate!
You headbutt the water moccasin!
Unknown command.
You slash the yak! You freeze the yak.
You kill the yak!
Okawaru accepts your kill.
You hit the water moccasin. You freeze the water moccasin. You slash the yak!
You freeze the yak. The yak closely misses you.
The water moccasin bites you but does no damage.
The water moccasin misses you.
You barely miss the yak. You headbutt the yak!
You closely miss the water moccasin.
You hear the slow rumble of an avalanche of rocks very nearby.
The water moccasin barely misses you. You furiously retaliate!
You headbutt the water moccasin! The yak closely misses you.
You hit the yak. You freeze the yak. You closely miss the water moccasin.
You block the water moccasin's attack.
You slice the yak!! You freeze the yak.
You kill the yak!
Okawaru accepts your kill.
You slash the water moccasin! You freeze the water moccasin.
You kill the water moccasin!
Okawaru accepts your kill.
You slash the yak! You freeze the yak. Your headbutt misses the yak.
The yak gores you but does no damage.
You barely miss the yak. You headbutt the yak. You slash the yak!
You freeze the yak. You headbutt the yak!
You kill the yak!
Okawaru accepts your kill.
You see here a water moccasin corpse.
MP restored: 15 You feel like a meek peon again.
i - a wand of iceblast (20) (gained 9 charges)
Found a dark tunnel.
There is a dark tunnel here.
The world spins around you as you enter the gateway.
You enter a volcano!
Found a rocky tunnel leading out of this place.
There is a rock-blocked tunnel here.
The air gets thick with the scent of sulphur.
In the distance, the volcano erupts with a roar.
The centaur shouts!
The centaur shouts!
The yaktaur shouts!
Found a lajatang of flaming.
The hell knight shouts!
Health restored: 113
Found a great sword of flaming.
Found a radiant altar of Vehumet.
The centaur shouts!
The yaktaur shouts!
The centaur shouts!
The air gets thick with the scent of sulphur.
In the distance, the volcano erupts with a roar.
Really fly into that cloud of flame?
Okay, then.
You are engulfed in blazing flames.
You take 19 damage, and have 94/113 hp.
A centaur warrior comes into view.
It is wielding a +2 shortbow of flaming.
The centaur warrior shouts!
The centaur warrior shoots an arrow.
The arrow hits you! The arrow burns you.
You take 19 damage, and have 79/113 hp.
The centaur warrior shoots an arrow.
The arrow completely misses you.
The centaur warrior shoots an arrow.
The arrow hits you! The arrow burns you.
The centaur warrior shoots an arrow.
The arrow completely misses you.
You take 10 damage, and have 70/113 hp.
The +2 war axe of the Tooth {freeze, +Rage Str+4} stops glowing.
a - a +2 hand crossbow (weapon)
Fire: 195 bolts
Aim: a centaur warrior, wielding a +2 shortbow of flaming and quivering arrows (76% to hit)
You shoot a bolt. The bolt hits the centaur warrior!
Fire: 194 bolts
Aim: a centaur warrior, wielding a +2 shortbow of flaming and quivering arrows (moderately wounded, fire blocked by a granite statue, 76% to hit)
Okay, then.
A centaur warrior is nearby!
The air gets thick with the scent of sulphur.
Unknown command.
Fire: 194 bolts
Aim: a centaur warrior, wielding a +2 shortbow of flaming and quivering arrows (moderately wounded, 76% to hit)
You shoot a bolt. The bolt hits the centaur warrior!
In the distance, the volcano erupts with a roar.
You are engulfed in blazing flames.
The centaur warrior shoots an arrow.
The arrow hits you!! The arrow burns you!
* * * LOW HITPOINT WARNING * * *
You take 44 damage, and have 28/113 hp.
MASSIVE DAMAGE!!
You are engulfed in blazing flames.
* * * LOW HITPOINT WARNING * * *
The centaur warrior shoots an arrow.
The arrow hits you!!
You die...

##≈≈≈≈#c.'.).).+..#≈≈≈##
##≈§§§##..'.._..+..##≈§≈#####
##§≈§§§#...#.....#...#§§§≈≈≈§#
#§§≈≈§§#...#######...#§≈≈§≈≈##
#§§§≈§≈#...+$[.[[+..c#≈≈≈§≈≈#
###§≈≈≈#...#..≈c.#..c#≈≈≈≈§##
##≈≈≈#...#8≈°°8#...#≈≈≈≈##
#≈≈§§##..+°°°○☼+..##≈≈≈≈#
#≈§§§≈#..+°°°○@+..#≈§§≈§#
##§§≈§##.#8°°○8#.##≈≈≈§##
##≈≈≈≈###☼°☼○°###≈≈≈≈##
###≈≈°°○○°○°°§≈≈≈≈§##
##°°○○8○°°8≈≈≈≈≈§#
###°°○°○°☼≈≈≈≈≈##
#○○°°○○○§≈≈### ##°8○○°8≈≈≈#
##.....####


You could see a centaur warrior.

Vanquished Creatures
  Harold (D:7)
  A boulder beetle (D:11)
  5 two-headed ogres
  Pikel (D:7)
  A cyclops (D:11)
  Maurice (D:9)
  Joseph (D:7)
  3 kobold demonologists (D:11)
  An unseen horror (D:10)
  3 komodo dragons
  2 hornets
  3 slime creatures (D:11)
  Grinder (D:3)
  A shadow (D:9)
  5 wraiths
  2 wyverns
  27 yaks
  Menkaure (D:5)
  An acid dragon (D:11)
  5 water moccasins
  2 orc warriors (D:8)
  2 sky beasts (D:6)
  A black bear (D:6)
  An ice beast (D:6)
  A necrophage (D:5)
  An ogre (D:5)
  4 centaurs
  A lemure (D:7)
  3 kobold brigands
  5 bullfrogs
  A gnoll sergeant (D:9)
  2 scorpions
  5 water moccasin zombies (Ossuary)
  A water moccasin skeleton (D:5)
  11 killer bees
  2 electric eels (D:6)
  3 howler monkeys
  4 centaur zombies
  3 hounds
  A centaur skeleton (D:6)
  5 jellies
  3 bullfrog skeletons
  2 orc priests
  6 orc wizards
  A killer bee zombie (D:5)
  A hound zombie (D:5)
  2 hound skeletons (D:4)
  2 mummies (Ossuary)
  7 gnolls
  6 adders
  A white imp (D:7)
  3 adder zombies (Ossuary)
  A worm (D:2)
  2 dart slugs (D:4)
  15 orcs
  8 ball pythons
  A bat (D:1)
  4 endoplasms
  4 giant cockroaches
  5 gnoll zombies (Ossuary)
  6 hobgoblins
  3 jackals (D:2)
  9 kobolds
  2 quokkas
  2 frilled lizards
  5 goblins
  7 hobgoblin zombies (Ossuary)
  4 kobold zombies (Ossuary)
  2 orc zombies (Ossuary)
  2 rats (D:1)
241 creatures vanquished.

Vanquished Creatures (others)
  A wizard (D:5)
  5 fungi
  78 plants
  5 toadstools (D:1)
89 creatures vanquished.

Grand Total: 330 creatures vanquished

Notes
Turn   | Place    | Note
-------+----------+-------------------------------------------
     0 | D:1      | Saint the Minotaur Hunter began the quest for the Orb.
     0 | D:1      | Reached XP level 1. HP: 18/18 MP: 0/0
    28 | D:1      | Found a faded altar of an unknown god.
   329 | D:1      | Reached skill level 3 in Fighting
   329 | D:1      | Reached XP level 2. HP: 26/26 MP: 1/1
   805 | D:2      | Reached skill level 5 in Crossbows
   805 | D:2      | Reached XP level 3. HP: 31/31 MP: 2/2
  1042 | D:2      | Reached skill level 4 in Fighting
  1042 | D:2      | Reached XP level 4. HP: 40/40 MP: 3/3
  2036 | D:3      | Noticed Grinder
  2040 | D:3      | Paralysed by Grinder for 6 turns
  2056 | D:3      | Killed Grinder
  2057 | D:3      | Reached skill level 5 in Fighting
  2057 | D:3      | Reached skill level 6 in Crossbows
  2057 | D:3      | Reached XP level 5. HP: 42/50 MP: 4/4
  2057 | D:3      | Reached XP level 6. HP: 48/57 MP: 5/5
  2076 | D:3      | Identified a scroll of acquirement
  2076 | D:3      | Acquired a manual of Translocations
  2182 | D:3      | Found a hazy altar of Hepliaklqana.
  2481 | D:3      | Reached skill level 6 in Fighting
  3016 | D:4      | Reached skill level 1 in Axes
  3016 | D:4      | Reached skill level 1 in Armour
  3312 | D:4      | Reached skill level 2 in Axes
  3317 | D:4      | Reached skill level 2 in Armour
  3635 | D:4      | Found a burning altar of Makhleb.
  3792 | D:5      | Entered Level 5 of the Dungeon
  3792 | D:5      | Found a shadowy altar of Dithmenos.
  3802 | D:4      | Reached XP level 7. HP: 53/64 MP: 6/6
  3835 | D:5      | Noticed Menkaure
  3869 | D:5      | Killed Menkaure
  3870 | D:5      | Reached skill level 3 in Axes
  3870 | D:5      | Reached skill level 3 in Armour
  3882 | D:5      | Reached skill level 7 in Fighting
  4092 | D:5      | Reached skill level 4 in Armour
  4313 | D:5      | Reached skill level 4 in Axes
  4424 | D:5      | Reached XP level 8. HP: 57/73 MP: 7/7
  4591 | D:5      | Found a bloodstained altar of Trog.
  4592 | D:5      | Noticed a wizard
  4597 | D:5      | Killed a wizard
  4738 | D:6      | Reached skill level 8 in Fighting
  4738 | D:6      | Reached skill level 5 in Axes
  4738 | D:6      | Reached skill level 5 in Armour
  4983 | D:6      | Reached skill level 3 in Dodging
  5274 | D:6      | Found a staircase to the Ecumenical Temple.
  5288 | D:6      | Reached skill level 6 in Armour
  5294 | D:6      | Reached skill level 6 in Axes
  5298 | Temple   | Entered the Ecumenical Temple
  5483 | Temple   | Became a worshipper of Warmaster Okawaru
  5964 | D:6      | Reached XP level 9. HP: 76/82 MP: 8/8
  6157 | D:6      | Found a blossoming altar of Fedhas.
  6230 | D:6      | Reached skill level 4 in Dodging
  6473 | D:7      | Noticed Joseph
  6473 | D:7      | Found a transporter.
  6485 | D:7      | HP: 18/82 [Joseph (11)]
  6487 | D:7      | Killed Joseph
  6488 | D:7      | Reached skill level 9 in Fighting
  6491 | D:7      | Found a transporter.
  6491 | D:7      | Noticed mrzisme's ghost (novice DEWz)
  6491 | D:7      | Noticed a kobold demonologist
  6810 | D:7      | Reached * piety under Okawaru
  6834 | D:7      | Reached skill level 7 in Axes
  6834 | D:7      | Reached skill level 7 in Armour
  6901 | D:7      | Found a sand-covered staircase.
  6906 | Ossuary  | Entered an ossuary
  6984 | Ossuary  | Reached skill level 5 in Dodging
  7160 | D:7      | Noticed Harold
  7223 | D:7      | Reached ** piety under Okawaru
  7247 | D:7      | Found a shimmering blue altar of Sif Muna.
  7314 | D:7      | Killed Harold
  7315 | D:7      | Reached skill level 10 in Fighting
  7315 | D:7      | Reached skill level 8 in Axes
  7315 | D:7      | Reached skill level 8 in Armour
  7315 | D:7      | Reached skill level 6 in Dodging
  7315 | D:7      | Reached XP level 10. HP: 59/93 MP: 9/9
  7330 | D:7      | Reached *** piety under Okawaru
  7562 | D:7      | Noticed Pikel
  7585 | D:7      | Killed Pikel
  8609 | D:8      | Received a gift from Okawaru
  8945 | D:8      | Reached skill level 9 in Axes
  9136 | D:8      | Reached skill level 9 in Armour
  9136 | D:8      | Reached skill level 7 in Dodging
  9378 | D:8      | Identified the +2 war axe of the Tooth {freeze, +Rage
                  | Str+4}
  9493 | D:8      | Reached skill level 11 in Fighting
  9816 | D:8      | Received a gift from Okawaru
  9818 | D:8      | Reached **** piety under Okawaru
  9819 | D:8      | Found a staircase to the Lair.
 10089 | D:9      | Noticed a two-headed ogre
 10100 | D:9      | Reached skill level 1 in Invocations
 10111 | D:9      | Reached XP level 11. HP: 76/102 MP: 8/10
 10358 | D:9      | Noticed Maurice
 10372 | D:9      | Killed Maurice
 10537 | D:9      | Noticed a two-headed ogre
 10543 | D:9      | Killed a two-headed ogre
 10544 | D:9      | Reached skill level 8 in Dodging
 10544 | D:9      | Reached skill level 2 in Invocations
 10587 | D:9      | HP: 22/102 [two-headed ogre (10)]
 10588 | D:9      | Killed a two-headed ogre
 10589 | D:9      | Reached skill level 10 in Axes
 10589 | D:9      | Reached skill level 10 in Armour
 10962 | D:9      | Reached ***** piety under Okawaru
 11546 | D:10     | Entered Level 10 of the Dungeon
 11604 | D:10     | Reached skill level 3 in Invocations
 11836 | D:10     | Noticed a two-headed ogre
 11842 | D:10     | Killed a two-headed ogre
 11921 | D:10     | Noticed a two-headed ogre
 11932 | D:10     | Received a gift from Okawaru
 11933 | D:10     | Reached skill level 12 in Fighting
 11933 | D:10     | HP: 23/104 [two-headed ogre (11)]
 11934 | D:10     | Killed a two-headed ogre
 11935 | D:10     | Reached skill level 9 in Dodging
 11935 | D:10     | Reached skill level 4 in Invocations
 12572 | D:11     | Noticed a two-headed ogre
 12584 | D:11     | Killed a two-headed ogre
 12585 | D:11     | Reached skill level 11 in Armour
 12989 | D:11     | Received a gift from Okawaru
 13002 | D:11     | Reached XP level 12. HP: 111/113 MP: 14/14
 13004 | D:11     | Received a gift from Okawaru
 13005 | D:11     | Reached skill level 5 in Invocations
 13218 | D:11     | Noticed a boulder beetle
 13252 | D:11     | Killed a boulder beetle
 13252 | D:11     | Received a gift from Okawaru
 13855 | Lair:1   | Entered Level 1 of the Lair of Beasts
 14820 | Lair:2   | Reached skill level 10 in Dodging
 14857 | Lair:2   | Found a dark tunnel.
 14862 | Volcano  | Entered a volcano
 14908 | Volcano  | Found a radiant altar of Vehumet.
 14940 | Volcano  | Noticed a centaur warrior
 14952 | Volcano  | HP: 28/113 [centaur warrior/arrow (9)]
 14953 | Volcano  | HP: 13/113 [something (15)]
 14953 | Volcano  | Shot with an arrow by a centaur warrior

Illustrated notes

Levels and vault maps discovered:
D:1:      ldierk_walled_garden, layout_rooms,
          shapermc_ecumenical_altar_totnotflames
D:2:      cheibrodos_old_hovel, layout_basic, serial_glass, glass_columns_b,
          glass_columns_a
D:3:      layout_basic, amcnicky_altar_gilded, uniq_grinder
D:4:      minmay_inner_zag, layout_loops_cross, mainiacjoe_overflow_24_doors,
          abandoned_shop
D:5:      layout_rooms, mainiacjoe_overflow_catwalk, trog_wizard,
          lemuel_another_geyser, uniq_menkaure
D:6:      layout_loops_cross, lemuel_doored_altar, minmay_temple_entry_waves,
          serial_bayou, serial_bayou_lagoon_a, serial_bayou_lake_a,
          serial_bayou_crossing, serial_bayou_pond_d, serial_bayou_pond_c,
          serial_bayou_pond_c
D:7:      layout_rooms, lemuel_round_altar, enter_ossuary_5,
          gammafunk_ghost_arena, uniq_joseph, uniq_harold, uniq_pikel
D:8:      layout_loops_cross, david_lair_shrubbed
D:9:      layout_loops_ring, uniq_maurice
D:10:     layout_cross
D:11:     layout_stronghold
Temple:   eino_temple_scatter_basement
Lair:1:   layout_regular_city
Lair:2:   layout_cave_pods, enter_volcano_4, grunt_forest_small_clearings,
          grunt_megastairs_1
Volcano:  kennysheep_volcano_temple

Skill      XL: |  1  2  3  4  5  6  7  8  9 10 11 12 |
---------------+-------------------------------------+-----
Fighting       | 3 4 5 6 7 8 10 11 12 | 12.8
Crossbows      | 5 6 |  6.6
Axes           | 2 4 6 8 9 10 | 10.0
Armour         | 2 4 6 8 9 11 | 11.6
Dodging        | 3 6 7 9 10 | 10.0
Invocations    | 1 4 5 |  5.8
Stealth        | |  0.7

Action                   |  1- 3 |  4- 6 |  7- 9 | 10-12 || total
-------------------------+-------+-------+-------+-------++-------
Melee: Short sword       |    20 |    64 |       |       ||    84
       Headbutt          |     1 |    15 |    41 |    73 ||   130
       Hand axe          |       |    35 |   165 |    51 ||   251
       War axe           |       |       |       |   278 ||   278
       Punch             |       |       |       |     1 ||     1
 Fire: Hand crossbow     |    14 |    32 |   115 |   102 ||   263
Throw: Stone             |    18 |    29 |    13 |    10 ||    70
Invok: Heroism           |       |       |       |     6 ||     6
Evoke: Wand              |       |       |     3 |       ||     3
  Use: Scroll            |       |     5 |     8 |     5 ||    18
       Potion            |       |       |     2 |       ||     2
 Stab: Sleeping          |     1 |       |       |       ||     1
Armor: Leather armour    |     2 |    35 |     3 |       ||    40
       Chain mail        |       |       |    89 |   157 ||   246
       Scale mail        |       |       |       |    24 ||    24
Dodge: Dodged            |    10 |    74 |    83 |   201 ||   368
Block: Other             |       |       |       |     3 ||     3

Table legend: (Time is in decaauts)
 A = Elapsed time spent in this place.
 B = Non-inter-level travel time spent in this place.
 C = Inter-level travel time spent in this place.
 D = Time resting spent in this place.
 E = Time spent auto-exploring this place.
 F = Levels seen in this place.
 G = Mean time per level.
                   A        B        C        D        E       F      G
               +--------+--------+--------+--------+--------+-----+--------+
         Total |  14941 |  14499 |    442 |    142 |  12012 |  16 |  933.8 |
       Dungeon |  13442 |  13046 |    396 |    142 |  10933 |  11 | 1222.0 |
        Temple |    203 |    166 |     37 |      0 |    153 |   1 |  203.0 |
          Lair |    978 |    970 |      8 |      0 |    847 |   2 |  489.0 |
       Ossuary |    226 |    226 |      0 |      0 |     20 |   1 |  226.0 |
       Volcano |     90 |     90 |      0 |      0 |     59 |   1 |   90.0 |
               +--------+--------+--------+--------+--------+-----+--------+

Top non-repeatable levels by time:
     D:8: 1948 daAuts
     D:7: 1674 daAuts
     D:6: 1619 daAuts
    D:11: 1368 daAuts
     D:2: 1336 daAuts
     D:9: 1299 daAuts
     D:3: 986 daAuts
    D:10: 856 daAuts
     D:5: 854 daAuts
     D:4: 823 daAuts
  Lair:1: 790 daAuts
     D:1: 674 daAuts
 Ossuary: 226 daAuts
  Temple: 203 daAuts
  Lair:2: 187 daAuts

Table legend:
 A = Kills in this place as a percentage of kills in entire the game.
 B = Kills by you in this place as a percentage of kills by you in the entire game.
 C = Kills by friends in this place as a percentage of kills by friends in the entire game.
 D = Other kills in this place as a percentage of other kills in the entire game.
 E = Experience gained in this place as a percentage of experience gained in the entire game.
 F = Experience gained in this place divided by the number of levels of this place that you have seen.
                   A       B       C       D       E      F
               +-------+-------+-------+-------+-------+----------------------
         Total | 100.0 | 100.0 |   N/A |   N/A | 100.0 | 1674.6
       Dungeon |  84.2 |  84.2 |   N/A |   N/A |  91.5 | 2228.9
          Lair |   4.2 |   4.2 |   N/A |   N/A |   6.7 | 903.0
       Ossuary |  11.7 |  11.7 |   N/A |   N/A |   1.8 | 470.0
               +-------+-------+-------+-------+-------+----------------------
